 Dungeon Crawl Stone Soup version 0.13.0-17-g5f0e85f (webtiles) character file.

333 Kejsarherre the Skirmisher (level 5, 0/52 HPs)
             Began as an Ogre Wanderer on Oct 21, 2013.
             Slain by Crazy Yiuf
             ... wielding a +4,+4 quarterstaff of chaos
              (4 damage)
             ... on Level 3 of the Dungeon.
             The game lasted 00:04:17 (2641 turns).

Kejsarherre the Skirmisher (Ogre Wanderer)          Turns: 2641, Time: 00:04:17

HP   0/52        AC  4     Str 16      XL: 5   Next: 55%
MP   6/6         EV  9     Int 13      God:
Gold 158         SH  0     Dex  9      Spells:  0 memorised,  4 levels left

Res.Fire  : . . .   See Invis. : .   v - +2 orc whip (flame)
Res.Cold  : . . .   Warding    : .   c - +0 robe
Life Prot.: . . .   Conserve   : .   (shield restricted)
Res.Poison: .       Res.Corr.  : .   (helmet restricted)
Res.Elec. : .       Clarity    : .   m - +0 cloak
Sust.Abil.: . .     Spirit.Shd : .   (gloves unavailable)
Res.Mut.  : .       Stasis     : .   (boots unavailable)
Res.Rott. : .       Flight     : .   (no amulet)
Saprovore : + . .                    (no ring)
                                     (no ring)

@: mildly poisoned, drained, slightly resistant to hostile enchantments,
unstealthy
A: unfitting armour, fast metabolism 1, saprovore 1, tough skin 1
a: no special abilities


You were on level 3 of the Dungeon.
You were hungry.

You visited 1 branch of the dungeon, and saw 4 of its levels.

You collected 108 gold pieces.

Inventory:

Hand weapons
 v - a +2,+2 orcish whip of flaming (weapon)
 w - a +0 blowgun
Missiles
 x - 12 poisoned needles
Armour
 c - a +0 robe (worn)
 e - a +0 cloak
 m - a +0 cloak (worn)
Magical devices
 n - a wand of slowing (2)
Comestibles
 d - 3 meat rations
 r - an apple
 z - a bread ration
Scrolls
 a - a scroll of curse jewellery {unknown}
 f - 8 scrolls of identify {unknown}
 g - a scroll of noise {unknown}
 h - 2 scrolls of fear {unknown}
 i - 2 scrolls of curse armour {unknown}
 j - a scroll of fog {unknown}
 k - a scroll of remove curse {unknown}
 l - 2 scrolls of random uselessness {unknown}
 p - a scroll of magic mapping {unknown}
 q - 2 scrolls of amnesia {unknown}
 y - a scroll of enchant weapon I {unknown}
 A - a scroll of teleportation
Jewellery
 t - an uncursed ring of fire
Potions
 o - a potion of heal wounds {unknown}
 s - a potion of might {unknown}
 u - a potion of beneficial mutation {unknown}


   Skills:
 + Level 7.3(6.9) Fighting
   Level 1.0(0.6) Long Blades
   Level 1.0(0.6) Axes
 * Level 3.0(2.6) Maces & Flails
 - Level 1.7(1.3) Dodging
 - Level 1.0(0.6) Stealth
   Level 2.0(1.6) Invocations


You had 4 spell levels left.
You didn't know any spells.

Dungeon Overview and Level Annotations

Branches:
Dungeon (4/27)
 Temple: D:4-7

Altars:
Zin

Annotations:
D:3 Crazy Yiuf


Innate Abilities, Weirdness & Mutations

You are too large for most types of armour.
You have a fast metabolism.
You can tolerate rotten meat.
You have tough skin (AC +1).


Message History

Crazy Yiuf is heavily wounded.
You feel sick.
Crazy Yiuf hits you with a quarterstaff of chaos!
You feel drained.
* * * LOW HITPOINT WARNING * * *
You are too injured to fight recklessly!
You are too injured to fight recklessly!
You are too injured to fight recklessly!
You are too injured to fight recklessly!
You are too injured to fight recklessly!
You are too injured to fight recklessly!
* * * LOW HITPOINT WARNING * * *
You feel sick.
Drink which item? (? for menu, Esc to quit)
Okay, then.
You hit Crazy Yiuf. You burn Crazy Yiuf.
Crazy Yiuf is severely wounded.
Crazy Yiuf hits you with a quarterstaff of chaos!
* * * LOW HITPOINT WARNING * * *
You die...

#.##(.......#.....##.......#.♣
#)##.#...#..###.............♣.
#.##.#...#..#.................
####.##)......................#..
.....#####...................##♣♣
##...........................##♣♣
##.#.#######.##........##########
...#............##.#######.......
####.#######..>g@.%..............
#.# ##....#.#######....... #.#
#...#................ #%#
##.##................ #.#
#.##................ ####.##
#.##.........####### #.....#
#.##.........# #.....#
#.##.........# #.....#
#.######.#####


You could see Crazy Yiuf.

Vanquished Creatures
  An orc wizard (D:3)
  Jessica (D:3)
  Terence (D:3)
  3 gnolls (D:3)
  2 adders
  3 worms
  4 orcs (D:3)
  A ball python (D:2)
  3 giant cockroaches
  4 hobgoblins
  3 jackals (D:4)
  9 kobolds
  An ooze (D:2)
  A quokka (D:4)
  7 bats
  2 giant geckos
  A giant newt (D:3)
  3 goblins
  6 rats
56 creatures vanquished.

Notes
Turn   | Place    | Note
--------------------------------------------------------------
     0 | D:1      | Kejsarherre, the Ogre Wanderer, began the quest for the Orb.
     0 | D:1      | Reached XP level 1. HP: 18/18 MP: 1/1
   546 | D:1      | Reached XP level 2. HP: 15/27 MP: 2/2
   705 | D:2      | Reached skill level 5 in Fighting
   778 | D:2      | Reached XP level 3. HP: 30/33 MP: 4/4
   942 | D:2      | Reached skill level 1 in Maces & Flails
  1416 | D:3      | Reached skill level 6 in Fighting
  1416 | D:3      | Reached XP level 4. HP: 40/44 MP: 5/5
  1784 | D:3      | Found a glowing silver altar of Zin.
  1788 | D:3      | Noticed Jessica
  1798 | D:3      | Killed Jessica
  1798 | D:3      | Reached XP level 5. HP: 50/52 MP: 6/6
  1958 | D:3      | Reached skill level 7 in Fighting
  2179 | D:3      | Noticed Terence
  2189 | D:3      | Killed Terence
  2321 | D:3      | Noticed Crazy Yiuf
  2357 | D:4      | HP: 2/52 [worm (10)]
  2641 | D:3      | Slain by Crazy Yiuf

Action                   |  1- 3 |  4- 6 || total
-------------------------+-------+-------++-------
Melee: Falchion          |    97 |    16 ||   113
       Whip              |       |   106 ||   106
  Use: Potion            |       |     2 ||     2
